 Dungeon Crawl Stone Soup version 0.23.0 (webtiles) character file.

Game seed: 17881018909317407324

2002 Nygeryga the Cleaver (level 9, -4/78 HPs)
             Began as a Minotaur Fighter on Feb 10, 2019.
             Was an Initiate of Makhleb.
             Slain by a brown ugly thing (9 damage)
             ... on level 7 of the Dungeon.
             The game lasted 00:17:35 (6534 turns).

Nygeryga the Cleaver (Minotaur Fighter)             Turns: 6534, Time: 00:17:35

Health: -4/78      AC:  7    Str: 23    XL:     9   Next: 2%
Magic:  0/8        EV:  5    Int:  5    God:    Makhleb [......]
Gold:   262        SH:  9    Dex: 11    Spells: 8/8 levels left

rFire    + . .     SeeInvis .   a - +1 war axe
rCold    . . .     Gourm    .   c - +0 shield
rNeg     . . .     Faith    .   F - +1 chain mail {rF+}
rPois    .         Spirit   +   (helmet restricted)
rElec    .         Reflect  .   (no cloak)
rCorr    .         Harm     .   y - +0 pair of gloves
MR       .....     Rnd*Tele +   (no boots)
Stlth    ..........             q - amulet of guardian spirit
HPRegen  0.23/turn              A - ring of teleportation
MPRegen  0.11/turn              (no ring)

@: corroded
A: retaliatory headbutt, horns 2
a: Renounce Religion


You were on level 7 of the Dungeon.
You worshipped Makhleb.
Makhleb was noncommittal.
You were not hungry.

You visited 1 branch of the dungeon, and saw 7 of its levels.

You collected 262 gold pieces.

Inventory:

Hand Weapons
 a - a +1 war axe (weapon)
Armour
 b - a +0 scale mail
 c - a +0 shield (worn)
 y - a +0 pair of gloves (worn)
 F - a +1 chain mail of fire resistance (worn)
Jewellery
 p - an uncursed amulet of rage
 q - an amulet of guardian spirit (around neck)
 A - a ring of teleportation (left hand)
Wands
 w - a wand of enslavement (7)
Scrolls
 e - 3 scrolls of remove curse
 k - 2 scrolls of identify
 o - 2 scrolls of teleportation
 u - a scroll of enchant weapon
 v - a scroll of noise
Potions
 d - a potion of might
 g - 5 potions of haste
 i - 3 potions of degeneration
 j - 4 potions of agility
 l - 3 potions of curing
 n - a potion of lignification
 r - a potion of berserk rage
 s - a potion of mutation
 x - a potion of flight
 C - a potion of brilliance
 D - a potion of cancellation
Comestibles
 f - 12 rations
 E - 2 chunks of flesh


   Skills:
 + Level 6.8 Fighting
 * Level 12.6 Axes
 - Level 3.6 Armour
 - Level 3.6 Shields


You had 8 spell levels left.
You didn't know any spells.
Your spell library was empty.

Dungeon Overview and Level Annotations

Branches:
Dungeon (7/15)
 Temple: D:4-7

Altars:
Ashenzari
Dithmenos
Elyvilon
Makhleb
Vehumet

Shops:
D:4 :

Annotations:
D:5 3 runed translucent doors, Nygeryga's ghost, amateur MiFi; Skyreaper23's ghost, amateur DENe; guttsta's ghost, novice MiBe


Innate Abilities, Weirdness & Mutations

You reflexively headbutt those who attack you in melee.
You have a pair of horns on your head.


Message History

* * * LOW HITPOINT WARNING * * *
You closely miss the brown ugly thing.
Your headbutt misses the brown ugly thing.
The brown ugly thing is heavily wounded.
You block the brown ugly thing's attack.
You hit the brown ugly thing but do no damage.
You headbutt the brown ugly thing.
The brown ugly thing is heavily wounded.
You block the brown ugly thing's attack.
You closely miss the brown ugly thing. You headbutt the brown ugly thing.
The brown ugly thing is heavily wounded.
The brown ugly thing claws you.
* * * LOW HITPOINT WARNING * * *
You are splashed with acid!
* * * LOW HITPOINT WARNING * * *
You slash the brown ugly thing!
You headbutt the brown ugly thing, but do no damage.
The brown ugly thing is severely wounded.
The brown ugly thing claws you!
You die...

##......#####
#...........##
##.............
#..............
#...%..........
#..............
#.....u........
#......@.......
#......<.......
#..............
#............##
#..........###
#........###
#......###
######. #.


You could see a brown ugly thing.

Vanquished Creatures
  Prince Ribbit (D:5)
  Eustachio (D:4)
  Menkaure (D:6)
  Duvessa (D:4)
  A sky beast (D:5)
  A necrophage (D:6)
  A phantom (D:6)
  An ogre (D:4)
  2 centaurs
  A bullfrog (D:6)
  Dowan (D:4)
  A gnoll sergeant (D:5)
  A wyvern skeleton (D:7)
  A scorpion (D:6)
  2 crimson imps
  A jelly (D:6)
  2 orc priests (D:6)
  A centaur skeleton (D:4)
  2 bullfrog skeletons
  An iguana (D:4)
  2 orc wizards
  A worker ant (D:4)
  8 gnolls
  9 adders
  A white imp (D:6)
  3 oozes
  An adder skeleton (D:6)
  2 adder zombies
  A worm (D:2)
  2 dart slugs
  5 leopard geckos
  27 orcs
  A ball python (D:2)
  6 giant cockroaches
  7 goblins
  14 hobgoblins
  6 jackals
  7 kobolds
  2 quokkas (D:2)
  12 bats
  6 frilled lizards
  7 rats
154 creatures vanquished.

Vanquished Creatures (others)
  An orc wizard (D:6)
1 creature vanquished.

Grand Total: 155 creatures vanquished

Notes
Turn   | Place    | Note
-------+----------+-------------------------------------------
     0 | D:1      | Nygeryga the Minotaur Fighter began the quest for the Orb.
     0 | D:1      | Reached XP level 1. HP: 19/19 MP: 0/0
   115 | D:1      | You fall through a shaft!
   124 | D:2      | Reached skill level 3 in Axes
   124 | D:2      | Reached XP level 2. HP: 23/27 MP: 1/1
   485 | D:1      | Reached XP level 3. HP: 34/34 MP: 2/2
   708 | D:1      | Reached skill level 4 in Axes
   812 | D:2      | Found a shadowy altar of Dithmenos.
   917 | D:2      | Reached XP level 4. HP: 33/41 MP: 3/3
  1404 | D:3      | Noticed a centaur
  1415 | D:3      | Killed a centaur
  1415 | D:3      | Reached skill level 5 in Axes
  1415 | D:3      | Reached XP level 5. HP: 23/47 MP: 4/4
  1710 | D:3      | Reached skill level 6 in Axes
  2327 | D:4      | Found Tuwnu's Book Shop.
  2545 | D:4      | Noticed Dowan
  2549 | D:4      | Reached skill level 5 in Fighting
  2549 | D:4      | Reached XP level 6. HP: 56/56 MP: 5/5
  2551 | D:4      | Noticed Duvessa
  2564 | D:4      | Killed Duvessa
  2564 | D:4      | Reached skill level 7 in Axes
  2568 | D:4      | Killed Dowan
  2699 | D:4      | Noticed Eustachio
  2872 | D:4      | Reached skill level 8 in Axes
  2899 | D:4      | Reached XP level 7. HP: 25/61 MP: 2/6
  3355 | D:4      | Reached skill level 9 in Axes
  3665 | D:4      | Killed Eustachio
  3820 | D:5      | Entered Level 5 of the Dungeon
  3883 | D:5      | Reached skill level 10 in Axes
  4115 | D:5      | Found a burning altar of Makhleb.
  4115 | D:5      | Found a radiant altar of Vehumet.
  4126 | D:5      | Became a worshipper of Makhleb the Destroyer
  4331 | D:5      | Found a runed translucent gate.
  4332 | D:5      | Found a runed translucent gate.
  4333 | D:5      | Found a runed translucent gate.
  4334 | D:5      | Noticed guttsta's ghost (novice MiBe)
  4334 | D:5      | Noticed Nygeryga's ghost (amateur MiFi)
  4335 | D:5      | Noticed Skyreaper23's ghost (amateur DENe)
  4477 | D:5      | Reached XP level 8. HP: 44/70 MP: 5/7
  5148 | D:5      | Noticed Prince Ribbit
  5164 | D:5      | Killed Prince Ribbit
  5164 | D:5      | Reached skill level 11 in Axes
  5653 | D:6      | Reached skill level 12 in Axes
  5877 | D:6      | Noticed Menkaure
  5885 | D:6      | Killed Menkaure
  6203 | D:6      | Found a white marble altar of Elyvilon.
  6300 | D:6      | Found a shattered altar of Ashenzari.
  6517 | D:7      | Noticed a brown ugly thing
  6526 | D:7      | Reached XP level 9. HP: 48/78 MP: 6/8
  6534 | D:7      | Slain by a brown ugly thing

Skill      XL: |  1  2  3  4  5  6  7  8 |
---------------+-------------------------+-----
Fighting       | 4 5 6 |  6.8
Axes           | 3 4 5 6 8 10 12 | 12.6
Armour         | |  3.6
Shields        | |  3.6

Action                   |  1- 3 |  4- 6 |  7- 9 || total
-------------------------+-------+-------+-------++-------
Melee: War axe           |    86 |   149 |   200 ||   435
       Headbutt          |    15 |    23 |    45 ||    83
  Use: Scroll            |       |       |    18 ||    18
  Eat: Chunk             |       |     7 |     8 ||    15
       Ration            |       |       |     1 ||     1
Armor: Scale mail        |    31 |    45 |    72 ||   148
       Chain mail        |       |       |     4 ||     4
Dodge: Dodged            |    34 |    58 |    53 ||   145
Block: Shield            |    51 |    80 |    92 ||   223
